 Dungeon Crawl Stone Soup version 0.25.0-9-g26727b657a (webtiles) character file.

Game seed: 128689231290434180

79 mopl the Conjurer (level 4, -6/36 HPs)
             Began as a Naga Conjurer on June 20, 2020.
             Mangled by a gnoll
             ... wielding a cursed +0 spear
              (8 damage)
             ... on level 3 of the Dungeon.
             The game lasted 00:03:59 (1431 turns).

mopl the Conjurer (Naga Conjurer)                   Turns: 1431, Time: 00:04:00

Health: -6/36      AC:  2    Str: 10    XL:     4   Next: 37%
Magic:  5/8        EV: 10    Int: 17    God:
Gold:   48         SH:  0    Dex: 11    Spells: 2/9 levels left

rFire    . . .     SeeInvis +   h - +0 dagger
rCold    . . .     Gourm    .   (no shield)
rNeg     . . .     Faith    .   a - +0 robe
rPois    +         Spirit   .   (no helmet)
rElec    .         Reflect  .   (no cloak)
rCorr    .         Harm     .   (no gloves)
MR       .....                  (no barding)
Stlth    ++........             (no amulet)
HPRegen  0.12/turn              (no ring)
MPRegen  0.11/turn              (no ring)

@: very slow
A: large, see invisible, deformed body, poison resistance, slowness 2, slow
metabolism 1, spit poison 1, AC +1
a: Spit Poison


You were on level 3 of the Dungeon.
You were not hungry.

You visited 1 branch of the dungeon, and saw 3 of its levels.

You collected 48 gold pieces.

Inventory:

Hand Weapons
 h - a +0 dagger (weapon)
Armour
 a - a +0 robe (worn)
Wands
 k - a wand of random effects (13)
Scrolls
 b - 2 scrolls of remove curse {unknown}
 e - a scroll of enchant armour {unknown}
 f - a scroll of fog {unknown}
 i - 4 scrolls of identify
Potions
 g - a potion of mutation
 j - a potion of resistance
 l - a potion of lignification {unknown}
Comestibles
 c - 8 rations


   Skills:
 - Level 1.5 Dodging
 - Level 3.0 Stealth
 + Level 3.2 Spellcasting
 + Level 4.9 Conjurations


You had 2 spell levels left.
You knew the following spells:

 Your Spells              Type           Power        Failure   Level  Hunger
a - Magic Dart            Conj           ###.         2%          1    None
b - Searing Ray           Conj           ###...       3%          2    ##.....
c - Fulminant Prism       Conj/Hex       ##........   52%         4    ####...

Your spell library contained the following spells:

 Spells                   Type           Power        Failure   Level  Hunger
 Dazzling Flash           Conj/Hex       ##....       19%         3    ###....
 Iskenderun's Mystic Bla  Conj/Tloc      ##......     52%         4    ####...


Dungeon Overview and Level Annotations

Branches:
Dungeon (3/15)

Altars:


Innate Abilities, Weirdness & Mutations

You cannot wear boots.
Your serpentine skin is tough. (AC +1)
You have supernaturally acute eyesight. (SInv)
Armour fits poorly on your strangely shaped body.
Your system is resistant to poisons. (rPois)
You cover ground very slowly.
You have a slow metabolism.
You can spit poison.


Message History

Casting: Magic Dart (safe; 2% risk of failure)
Confirm with . or Enter, or press ? or * to list all spells.
Aiming: Searing Ray (safe; 3% risk of failure)
Press: ? - help, Shift-Dir - straight line, f - gnoll
Aim: a gnoll, wielding a -1 whip The searing ray hits the gnoll!
The gnoll is almost dead.
The searing ray hits the gnoll!
The gnoll is severely wounded. (Press . to maintain the ray.)
The gnoll shouts!
The gnoll hits you but does no damage.
The gnoll hits you from afar with a cursed +0 spear.
* * * LOW HITPOINT WARNING * * *
The searing ray hits the gnoll.
You kill the gnoll!
The searing ray hits the gnoll.
The gnoll is almost dead.
The gnoll hits you from afar with a cursed +0 spear!
You die...

#...........#########.##
#...........#...........
#..g........#...........
#...........#...........
#.......................
#...........#...........
#.....Jg....#.........).
#######)################
#@# #.# #.# #.# #.# ###
#.# #.######### #.#
#.......... #.#
#.######### #.# #.#


You could see 2 gnolls and an ooze.

Vanquished Creatures
  An adder (D:2)
  A gnoll (D:3)
  3 worms (D:2)
  2 dart slugs (D:1)
  5 bats
  4 giant cockroaches
  5 goblins
  5 hobgoblins (D:1)
  5 jackals (D:1)
  4 kobolds
  A ball python (D:1)
  3 frilled lizards
  5 rats (D:1)
44 creatures vanquished.

Notes
Turn   | Place    | Note
-------+----------+-------------------------------------------
     0 | D:1      | mopl the Naga Conjurer began the quest for the Orb.
     0 | D:1      | Reached XP level 1. HP: 15/15 MP: 3/3
    86 | D:1      | Reached XP level 2. HP: 14/22 MP: 3/5
    90 | D:1      | Learned a level 2 spell: Searing Ray
   497 | D:1      | Reached XP level 3. HP: 28/28 MP: 2/7
   967 | D:2      | Reached XP level 4. HP: 35/36 MP: 4/8
  1064 | D:2      | Learned a level 4 spell: Fulminant Prism
  1393 | D:3      | Noticed a phantom
  1431 | D:3      | Mangled by a gnoll

Illustrated notes

Levels and vault maps discovered:
D:1:      onia_arrival_mini_spirals, layout_basic, minmay_misc_feat_alley,
          serial_bayou_pond_d
D:2:      layout_basic, minivault_23, minmay_tetromino_o4
D:3:      layout_basic

Skill      XL: |  1  2  3 |
---------------+----------+-----
Spellcasting   | 3 |  3.2
Dodging        | |  1.5
Stealth        | |  3.0
Conjurations   | |  4.9

Action                   |  1- 3 |  4- 6 || total
-------------------------+-------+-------++-------
Melee: Unarmed           |     2 |       ||     2
       Dagger            |     6 |    11 ||    17
 Cast: Magic Dart        |    25 |     5 ||    30
       Searing Ray       |     4 |     3 ||     7
 Abil: Spit Poison       |    21 |     4 ||    25
  Use: Scroll            |     2 |       ||     2
  Eat: Chunk             |     1 |     2 ||     3
Armor: Robe              |     2 |     6 ||     8
Dodge: Dodged            |    23 |     6 ||    29
